NWL (28 & UNDER)
RIVERSIDE RED BULLS @ BISMARK BORDER GUARDS
04/25/2023
 
TOP OF THE 1ST
Riverside Red Bulls batting - Pitching for Bismark Border Guards : RHP Ramón Fonseca
Pitching: RHP Ramón Fonseca
Batting: RHB Rafael Torres 0-0: Ball
1-0: Foul Ball, location: 2F
1-1: Foul Ball, location: 2F
1-2: Strikes out swinging
Batting: LHB Aroghetto Dionisotti 0-0: Ball
1-0: Foul Ball, location: 2F
1-1: Ball
2-1: Ground out 4-3 (Groundball, 4)
Batting: SHB Sloan James 0-0: Called Strike
0-1: Ball
1-1: Ball
2-1: Foul Ball, location: 2F
2-2: Ball
3-2: Foul Ball, location: 2F
3-2: Base on Balls
Batting: RHB Chris Osborn 0-0: Called Strike
0-1: Foul Ball, location: 2F
0-2: Ball
1-2: Ball
2-2: Strikes out swinging
Top of the 1st over - 0 run(s), 0 hit(s), 0 error(s), 1 left on base; Riverside 0 - Bismark 0
BOTTOM OF THE 1ST
Bismark Border Guards batting - Pitching for Riverside Red Bulls : RHP José Orozco
Pitching: RHP José Orozco
Batting: LHB Nelson Peńa 0-0: Ball
1-0: Foul Ball, location: 2F
1-1: Ground out 6-3 (Groundball, 4M)
Batting: LHB Jim Jensen 0-0: Foul Ball, location: 2F
0-1: SINGLE (Line Drive, 78S)
Batting: RHB Carlos MacKinney 0-0: Called Strike
0-1: Ball
1-1: Foul Ball, location: 2F
1-2: Ball
2-2: Ball
3-2: Grounds into double play, U6-3 (Groundball, 6M)
Bottom of the 1st over - 0 run(s), 1 hit(s), 0 error(s), 0 left on base; Riverside 0 - Bismark 0
TOP OF THE 2ND
Riverside Red Bulls batting - Pitching for Bismark Border Guards : RHP Ramón Fonseca
Batting: RHB Júlio García 0-0: Ball
1-0: Foul Ball, location: 2F
1-1: Foul Ball, location: 2F
1-2: Ball
2-2: Foul Ball, location: 2F
2-2: Foul Ball, location: 2F
2-2: Ball
3-2: Strikes out swinging
Batting: RHB Kyle Bacon 0-0: Foul Ball, location: 2F
0-1: Called Strike
0-2: Ball
1-2: Fly out, F9 (Flyball, 9M)
Batting: RHB José Zúńiga 0-0: Called Strike
0-1: Foul Ball, location: 2F
0-2: Fly out, F3 (Line Drive, 3S)
Top of the 2nd over - 0 run(s), 0 hit(s), 0 error(s), 0 left on base; Riverside 0 - Bismark 0
BOTTOM OF THE 2ND
Bismark Border Guards batting - Pitching for Riverside Red Bulls : RHP José Orozco
Batting: LHB Norberto Muńóz 0-0: Foul Ball, location: 2F
0-1: Ball
1-1: Ball
2-1: Ball
3-1: Ground out U3 (Groundball, 3)
Batting: RHB Mike Wright 0-0: Ball
1-0: Foul Ball, location: 2F
1-1: Ball
2-1: Ball
3-1: Foul Ball, location: 2F
3-2: Ground out 5-3 (Groundball, 56S)
Batting: RHB Ramiro Ross 0-0: Ball
1-0: Called Strike
1-1: Fly out, F8 (Flyball, 8LS)
Bottom of the 2nd over - 0 run(s), 0 hit(s), 0 error(s), 0 left on base; Riverside 0 - Bismark 0
TOP OF THE 3RD
Riverside Red Bulls batting - Pitching for Bismark Border Guards : RHP Ramón Fonseca
Batting: RHB Andy Aiton 0-0: Ball
1-0: Ball
2-0: Called Strike
2-1: Swinging Strike
2-2: Ball
3-2: Foul Ball, location: 2F
3-2: Base on Balls
Batting: SHB Chun-yeong Kim 0-0: DOUBLE (Line Drive, 9LM)
Andy Aiton to third
Batting: RHB Rafael Torres 0-0: DOUBLE (Line Drive, 7LS)
Andy Aiton scores
Chun-yeong Kim scores
Batting: LHB Aroghetto Dionisotti 0-0: Ball
1-0: Ball
2-0: Ball
3-0: Base on Balls
Batting: SHB Sloan James 0-0: Grounds into double play, 4-6-3 (Groundball, 4)
Rafael Torres to third
Batting: RHB Chris Osborn 0-0: Called Strike
0-1: Swinging Strike
0-2: Ball
1-2: Strikes out swinging
Top of the 3rd over - 2 run(s), 2 hit(s), 0 error(s), 1 left on base; Riverside 2 - Bismark 0
BOTTOM OF THE 3RD
Bismark Border Guards batting - Pitching for Riverside Red Bulls : RHP José Orozco
Batting: RHB Zi-xing King 0-0: Ball
1-0: Ball
2-0: Foul Ball, location: 2F
2-1: Fly out, F3 (Popup, 3SF)
Batting: LHB John Summers 0-0: Ball
1-0: Ball
2-0: Ball
3-0: Called Strike
3-1: Swinging Strike
3-2: Strikes out swinging
Batting: RHB Enrico Rodríguez 0-0: Ball
1-0: Ball
2-0: Called Strike
2-1: Foul Ball, location: 2F
2-2: Strikes out swinging
Bottom of the 3rd over - 0 run(s), 0 hit(s), 0 error(s), 0 left on base; Riverside 2 - Bismark 0
TOP OF THE 4TH
Riverside Red Bulls batting - Pitching for Bismark Border Guards : RHP Ramón Fonseca
Batting: RHB Júlio García 0-0: Called Strike
0-1: Foul Ball, location: 2F
0-2: Ball
1-2: Ball
2-2: Ground out 6-3 (Groundball, 6)
Batting: RHB Kyle Bacon 0-0: Foul Ball, location: 2F
0-1: Ball
1-1: Fly out, F8 (Flyball, 8RM)
Batting: RHB José Zúńiga 0-0: Ball
1-0: SINGLE (Line Drive, 9S)
Batting: RHB Andy Aiton 0-0: Ball
1-0: Called Strike
1-1: Ball
2-1: Swinging Strike
2-2: Strikes out swinging
Top of the 4th over - 0 run(s), 1 hit(s), 0 error(s), 1 left on base; Riverside 2 - Bismark 0
BOTTOM OF THE 4TH
Bismark Border Guards batting - Pitching for Riverside Red Bulls : RHP José Orozco
Batting: LHB Nelson Peńa 0-0: Ball
1-0: Called Strike
1-1: Ball
2-1: SOLO HOME RUN (Flyball, 8RXD), Distance : 421 ft
Batting: LHB Jim Jensen 0-0: Ball
1-0: Called Strike
1-1: DOUBLE (Groundball, 5L)
Batting: RHB Carlos MacKinney 0-0: SINGLE (Line Drive, 6M)
Jim Jensen to third
Batting: LHB Norberto Muńóz 0-0: Called Strike
0-1: Foul Ball, location: 2F
0-2: Ball
1-2: Grounds into double play, U6-3 (Groundball, 6)
Jim Jensen scores
Batting: RHB Mike Wright 0-0: Ground out 5-3 (Groundball, 5S)
Bottom of the 4th over - 2 run(s), 3 hit(s), 0 error(s), 0 left on base; Riverside 2 - Bismark 2
TOP OF THE 5TH
Riverside Red Bulls batting - Pitching for Bismark Border Guards : RHP Ramón Fonseca
Batting: SHB Chun-yeong Kim 0-0: Ball
1-0: Ground out 6-3 (Groundball, 6)
Batting: RHB Rafael Torres 0-0: Ball
1-0: Ball
2-0: Called Strike
2-1: Ball
3-1: Base on Balls
Batting: LHB Aroghetto Dionisotti 0-0: Ball
1-0: Swinging Strike
1-1: Ball
2-1: Called Strike
Rafael Torres steals 2nd base
2-2: SINGLE (Line Drive, 56D)
Rafael Torres to third
Batting: SHB Sloan James 0-0: Called Strike
0-1: Ball
1-1: Fly out, F8 (Flyball, 8LS)
Batting: RHB Chris Osborn 0-0: Ball
1-0: Ball
2-0: Foul Ball, location: 2F
2-1: Fly out, F8 (Flyball, 8LXD)
Top of the 5th over - 0 run(s), 1 hit(s), 0 error(s), 2 left on base; Riverside 2 - Bismark 2
BOTTOM OF THE 5TH
Bismark Border Guards batting - Pitching for Riverside Red Bulls : RHP José Orozco
Batting: RHB Ramiro Ross 0-0: Ball
1-0: Called Strike
1-1: Called Strike
1-2: DOUBLE (Line Drive, 9LM) - OUT at third base trying to stretch hit.
Batting: RHB Zi-xing King 0-0: Ball
1-0: SINGLE (Line Drive, 4D)
Batting: LHB John Summers 0-0: Ball
Zi-xing King steals 2nd base
1-0: Ball
2-0: Called Strike
2-1: Ball
3-1: Ground out 3-6 (Groundball, 3L)
Zi-xing King to third
Batting: RHB Enrico Rodríguez 0-0: Called Strike
0-1: Ball
1-1: Foul Ball, location: 2F
1-2: Ball
2-2: Foul Ball, location: 2F
2-2: Foul Ball, location: 2F
2-2: Strikes out looking
Bottom of the 5th over - 0 run(s), 2 hit(s), 0 error(s), 1 left on base; Riverside 2 - Bismark 2
TOP OF THE 6TH
Riverside Red Bulls batting - Pitching for Bismark Border Guards : RHP Ramón Fonseca
Batting: RHB Júlio García 0-0: Fly out, F8 (Flyball, 8RD)
Batting: RHB Kyle Bacon 0-0: SINGLE (Groundball, 6MD)
Batting: RHB José Zúńiga 0-0: Called Strike
0-1: Fielders Choice at 2nd, 1-6 (Groundball, 23)
Batting: RHB Andy Aiton 0-0: Fly out, F9 (Flyball, 89M)
Top of the 6th over - 0 run(s), 1 hit(s), 0 error(s), 1 left on base; Riverside 2 - Bismark 2
BOTTOM OF THE 6TH
Bismark Border Guards batting - Pitching for Riverside Red Bulls : RHP José Orozco
Batting: LHB Nelson Peńa 0-0: Called Strike
0-1: Ball
1-1: SINGLE (Groundball, 4MD)
Batting: LHB Jim Jensen 0-0: Called Strike
0-1: Ball
1-1: Grounds into double play, 4-6-3 (Groundball, 4)
Batting: RHB Carlos MacKinney 0-0: Ball
1-0: Called Strike
1-1: Foul Ball, location: 2F
1-2: Ball
2-2: SINGLE (Groundball, 34D)
Batting: LHB Norberto Muńóz 0-0: Ball
1-0: Ground out 4-3 (Groundball, 4)
Bottom of the 6th over - 0 run(s), 2 hit(s), 0 error(s), 1 left on base; Riverside 2 - Bismark 2
TOP OF THE 7TH
Riverside Red Bulls batting - Pitching for Bismark Border Guards : RHP Ramón Fonseca
Batting: SHB Chun-yeong Kim 0-0: Ground out U3 (Groundball, 3L)
Batting: RHB Rafael Torres 0-0: Ball
1-0: Swinging Strike
1-1: Ball
2-1: Ball
3-1: Swinging Strike
3-2: Strikes out swinging
Batting: LHB Aroghetto Dionisotti 0-0: Ball
1-0: Ball
2-0: Swinging Strike
2-1: Called Strike
2-2: SINGLE (Groundball, 5D)
Pitching: RHP Dominic Desmarais
Batting: SHB Sloan James 0-0: Ball
1-0: Ball
2-0: Foul Ball, location: 2F
2-1: Fielders Choice at 2nd, U4 (Groundball, 4M)
Top of the 7th over - 0 run(s), 1 hit(s), 0 error(s), 1 left on base; Riverside 2 - Bismark 2
BOTTOM OF THE 7TH
Bismark Border Guards batting - Pitching for Riverside Red Bulls : RHP José Orozco
Batting: RHB Mike Wright 0-0: Foul Ball, location: 2F
0-1: Foul Ball, location: 2F
0-2: Foul Ball, location: 2F
0-2: Foul Ball, location: 2F
0-2: Strikes out looking
Batting: RHB Ramiro Ross 0-0: Ball
1-0: Foul Ball, location: 2F
1-1: DOUBLE (Flyball, 78D)
Pitching: LHP Stu Creichton
Pinch Hitting: RHB José Cintrón 0-0: Intentional Walk
Batting: LHB John Summers 0-0: Ball
1-0: Ball
2-0: Foul Ball, location: 2F
2-1: Swinging Strike
2-2: Foul Ball, location: 2F
2-2: DOUBLE (Line Drive, 9LS)
Ramiro Ross scores
José Cintrón to third
Batting: RHB Enrico Rodríguez 0-0: Ball
1-0: Swinging Strike
1-1: Ball
2-1: Ground out 6-3 (Groundball, 6)
Pinch Hitting: LHB Colin Ives 0-0: Foul Ball, location: 2F
0-1: Foul Ball, location: 2F
0-2: Strikes out swinging
Bottom of the 7th over - 1 run(s), 2 hit(s), 0 error(s), 2 left on base; Riverside 2 - Bismark 3
TOP OF THE 8TH
Riverside Red Bulls batting - Pitching for Bismark Border Guards : RHP Dominic Desmarais
Now at 2B: José Cintrón
Now in RF: Colin Ives
Batting: RHB Chris Osborn 0-0: Called Strike
0-1: Foul Ball, location: 2F
0-2: Foul Ball, location: 2F
0-2: Ball
1-2: Foul Ball, location: 2F
1-2: Ball
2-2: Ball
3-2: Ground out 6-3 (Groundball, 6)
Batting: RHB Júlio García 0-0: Ball
1-0: Foul Ball, location: 2F
1-1: SINGLE (Groundball, 6MD)
Pinch Hitting: LHB Jorge Meléndez 0-0: Ball
1-0: Bunted foul
1-1: Sac Bunt - play at first, batter OUT! 2-4
Júlio García to second
Batting: RHB José Zúńiga 0-0: Ball
1-0: Ball
2-0: Called Strike
2-1: Ball
3-1: Ground out 1-3 (Groundball, 23)
Top of the 8th over - 0 run(s), 1 hit(s), 0 error(s), 1 left on base; Riverside 2 - Bismark 3
BOTTOM OF THE 8TH
Bismark Border Guards batting - Pitching for Riverside Red Bulls : LHP Stu Creichton
Now at 1B: Joe Scott
Batting: LHB Jim Jensen 0-0: Swinging Strike
0-1: Called Strike
0-2: Ball
1-2: Strikes out looking
Batting: RHB Carlos MacKinney 0-0: Called Strike
0-1: Ball
1-1: Ball
2-1: Foul Ball, location: 2F
2-2: Strikes out swinging
Batting: LHB Norberto Muńóz 0-0: Ball
1-0: Ground out U3 (Groundball, 3S)
Bottom of the 8th over - 0 run(s), 0 hit(s), 0 error(s), 0 left on base; Riverside 2 - Bismark 3
TOP OF THE 9TH
Riverside Red Bulls batting - Pitching for Bismark Border Guards : RHP Dominic Desmarais
Pitching: RHP Dustin Newman
Batting: RHB Andy Aiton 0-0: Ball
1-0: Foul Ball, location: 2F
1-1: Ball
2-1: SINGLE (Groundball, 3L)
Batting: SHB Chun-yeong Kim 0-0: Bunt - Flyout! F2
Batting: RHB Rafael Torres 0-0: Ball
1-0: Foul Ball, location: 2F
1-1: Foul Ball, location: 2F
1-2: Ball
2-2: 2-RUN HOME RUN (Flyball, 78XD), Distance : 405 ft
Batting: LHB Aroghetto Dionisotti 0-0: Called Strike
0-1: Ball
1-1: Ball
2-1: Foul Ball, location: 2F
2-2: Ball
3-2: Base on Balls
Batting: SHB Sloan James 0-0: Called Strike
0-1: Ball
1-1: Ball
2-1: Fly out, F9 (Line Drive, 9M)
Batting: RHB Chris Osborn 0-0: Ball
1-0: Ball
2-0: Called Strike
2-1: Called Strike
2-2: Foul Ball, location: 2F
2-2: Ground out 4-3 (Groundball, 4)
Top of the 9th over - 2 run(s), 2 hit(s), 0 error(s), 1 left on base; Riverside 4 - Bismark 3
BOTTOM OF THE 9TH
Bismark Border Guards batting - Pitching for Riverside Red Bulls : LHP Stu Creichton
Pitching: LHP Raúl Juárez
Now at 2B: Soshu Nakamura
Batting: RHB Mike Wright 0-0: SOLO HOME RUN (Flyball, 7D), Distance : 387 ft
Batting: RHB Ramiro Ross 0-0: Ball
1-0: SOLO HOME RUN (Flyball, 7D), Distance : 391 ft
This league is powered by Out of the Park Baseball, the baseball management simulation game for PC, Mac and Linux
Wednesday, December 2nd, 2015 - OOTP Baseball 16.8 Build 38